 Dungeon Crawl Stone Soup version 0.31-a0-1010-g5322dac6a2 (webtiles) character file.

Game seed: 6082964710362400331

24 kae the Ruffian (level 2, -3/23 HPs)
             Began as a Demigod Shapeshifter on Nov 16, 2023.
             Killed by nerve-wracking pain
             ... invoked by Menkaure
              (11 damage)
             ... on level 4 of the Dungeon.
             The game lasted 00:00:20 (783 turns).

kae the Ruffian (Demigod Shapeshifter)               Turns: 783, Time: 00:00:21

Health: -3/23      AC:  2    Str: 15    XL:     2   Next: 60%
Magic:  4/4        EV: 11    Int: 12    God:
Gold:   52         SH:  4    Dex: 13    Spells: 1/1 levels left

rFire   . . .        e - +2 whip (venom)
rCold   . . .        o - +0 buckler
rNeg    . . .        a - +0 animal skin
rPois   .            (helmet currently unavailable)
rElec   .            (cloak currently unavailable)
rCorr   .            (gloves currently unavailable)
SInv    .            (boots currently unavailable)
Will    .....        (no amulet)
Stlth   +            (no ring)
HPRegen 0.23/turn    (no ring)
MPRegen 0.09/turn

%: no passive effects
@: beast-form
A: beast (slay +1), high MP 1, forlorn, divine attributes
a: Begin Untransformation


You were on level 4 of the Dungeon.
You were a hulking beast.
You visited 1 branch of the dungeon, and saw 3 of its levels.

You collected 52 gold pieces.


Innate Abilities, Weirdness & Mutations

You are a hulking beast.
Your limbs bulge with bestial killing power. (Slay +1)
You have an increased reservoir of magic. (+10% MP)
You shall have no god before yourself.
Your divine heritage dramatically boosts your attributes as you level up.


   Skills:
 + Level 1.2 Fighting
 + Level 2.0 Dodging
 * Level 3.1 Unarmed Combat
 * Level 3.0 Shapeshifting


You had one spell level left.
You didn't know any spells.
Your spell library was empty.

Inventory:

Hand Weapons
 e - a +2 whip of venom (weapon)
   (You found it on level 1 of the Dungeon)
Missiles
 i - 17 stones
Armour
 a - a +0 animal skin (worn)
 o - a +0 buckler (worn)
   (You found it on level 1 of the Dungeon)
Talismans
 c - a beast talisman
 d - a flux talisman
Scrolls
 g - a scroll of immolation {unknown}
 j - a scroll of identify {unknown}
 m - 3 scrolls of teleportation {unknown}
Potions
 b - a potion of lignification {!q}
 f - a potion of ambrosia {unknown}
 h - a potion of heal wounds {unknown}
 k - a potion of berserk rage {unknown}
 l - a potion of degeneration {unknown}
 n - a potion of curing {unknown}

Dungeon Overview and Level Annotations

Branches:
Dungeon (2/15) Zot: 17215

Annotations:
D:4 Menkaure

#....#
###....##
#.......#
+.......#
#.......#
#.......#
#..#######
##........#
#....#h...#
#....#.M..#
#....#....#
##...##...#
###'####...#
#...........
#............
#[............
###########


You could see Menkaure (fast).


Message History

k - a green potion No target in view!
No target in view! 😎 HP[+12]
Your hp is fully restored (23).
l - a smoky inky potion
Found a stone staircase leading down.
No target in view!
No target in view!
No target in view!
No target in view!
m - 3 scrolls labelled UGABBO LAITSYU
n - a smoky orange potion No target in view!
No target in view!
A ball python comes into view.
The ball python closely misses you. The ball python grabs you.
The ball python constricts you. The ball python barely misses you.
The ball python constricts you.
You hit the ball python.
You kill the ball python!
You see here a +0 leather armour.
You see here a +0 leather armour.
Key pressed, stopping explore.
No target in view!
No target in view!
You see here a +0 chain mail.
Found a stone staircase leading down.
No target in view!
No target in view!
A hobgoblin comes into view.
The hobgoblin shouts!
A hobgoblin is nearby!
You hit the hobgoblin.
The hobgoblin is poisoned.
You kill the hobgoblin!
Key pressed, stopping explore.
No target in view!
No target in view!
There is a stone staircase leading down here.
You now have 27 gold pieces (gained 4).
Done exploring.
No target in view!
No target in view!
Done exploring.
No target in view!
No target in view!
Done exploring.
No target in view!
No target in view!
Done exploring.
Done exploring.
No target in view!
No target in view!
Done exploring.
Search for what [? for help]? buck You see here a +0 buckler.
o - a +0 buckler You start putting on your armour.
You continue putting on your +0 buckler. x4
You finish putting on your +0 buckler.
There is a stone staircase leading down here.
You climb downwards.
Found a stone staircase leading down.
There is a stone staircase leading up here.
You now have 39 gold pieces (gained 12).
Found a stone staircase leading up.
No target in view!
No target in view!
An endoplasm comes into view.
The endoplasm quivers.
A bat comes into view.
The bat moves out of view.
A malevolent force fills the Dungeon...
You fall into a shaft and drop 2 floors!
The shaft crumbles and collapses.
You open the door.
There is an open door here.
You now have 52 gold pieces (gained 13).
Menkaure, Prince of Dust comes into view.
Menkaure shouts!
Menkaure gestures wildly while chanting.
Menkaure seems to speed up.
Menkaure is nearby!
Menkaure calls on the powers of darkness!
Your body is wracked with pain!
You are too injured to fight recklessly!
Menkaure is nearby! 😮 HP[-10]
You take 10 damage, and now have 13/23 hp.
MASSIVE DAMAGE!! (PAUSE) Unknown command.
You hit Menkaure. Menkaure barely misses you.
You hit Menkaure.
Menkaure calls on the powers of darkness!
Your body is wracked with pain!
* * * LOW HITPOINT WARNING * * *
Menkaure gestures at you while chanting.
Pain shoots through your body!
You die...

Skill      XL: |  1  2 |
---------------+-------+-----
Fighting       | 1 |  1.2
Dodging        | 2 |  2.0
Unarmed Combat | 3 |  3.1
Shapeshifting  | 3 |  3.0

Action                     || total
---------------------------++-------
  Melee: Whip              ||    16
         Unarmed           ||     8
   Stab: Sleeping          ||     2
 Armour: Animal skin       ||     9
  Dodge: Dodged            ||    17

Levels and vault maps discovered:
D:1:      zelgadis_glass_arrival_small, layout_basic, grunt_decor_resistance
D:2:      layout_basic, basic_altar
D:4:      layout_gridville, mainiacjoe_overflow_surrounded_room,
          mainiacjoe_overflow_chevrons, serial_shops, shop, uniq_blork_the_orc,
          uniq_duvessa, uniq_menkaure

Notes
Turn   | Place    | Note
-------+----------+-------------------------------------------
     0 | D:1      | kae the Demigod Shapeshifter began the quest for the Orb.
     0 | D:1      | Reached XP level 1. HP: 15/15 MP: 3/3
     0 | D:1      | magus.rc [v1.11.3]
    25 | D:1      | Reached skill level 1 in Fighting
   271 | D:1      | HP: 4/16 [frilled lizard (1)]
   275 | D:1      | Reached skill level 2 in Dodging
   275 | D:1      | Reached skill level 3 in Unarmed Combat
   275 | D:1      | Reached XP level 2. HP: 7/23 MP: 4/4
   276 | D:1      | Reached skill level 3 in Shapeshifting
   768 | D:2      | You fall into a shaft and drop 2 floors!
   778 | D:4      | Noticed Menkaure
   783 | D:4      | Killed from afar by Menkaure

Vanquished Creatures
  A gnoll (D:1)
  4 ball pythons (D:1)
  A bat (D:1)
  An endoplasm (D:1)
  A giant cockroach (D:1)
  A goblin (D:1)
  A hobgoblin (D:1)
  2 kobolds (D:1)
  A frilled lizard (D:1)
13 creatures vanquished.

Table legend:
 A = Non-vault XP
 B = Vault XP
 C = Vault XP percentage of total XP
 D = Non-vault monster count
 E = Vault monster count
 F = Vault count percentage of total count
                 A         B        C        D         E       F
            +---------+---------+-------+---------+---------+-------
      Total |      35 |       0 |   0.0 |      13 |       0 |   0.0
            +---------+---------+-------+---------+---------+-------
        D:1 |      35 |       0 |   0.0 |      13 |       0 |   0.0
            +---------+---------+-------+---------+---------+-------

Skill      XL: |  1  2 |
---------------+-------+-----
Fighting       | 1 |  1.2
Dodging        | 2 |  2.0
Unarmed Combat | 3 |  3.1
Shapeshifting  | 3 |  3.0

Action                     || total
---------------------------++-------
  Melee: Whip              ||    16
         Unarmed           ||     8
   Stab: Sleeping          ||     2
 Armour: Animal skin       ||     9
  Dodge: Dodged            ||    17

Illustrated notes

Table legend:
 A = Kills in this place as a percentage of kills in the entire game.
 B = Kills by you in this place as a percentage of kills by you in the entire game.
 C = Kills by friends in this place as a percentage of kills by friends in the entire game.
 D = Other kills in this place as a percentage of other kills in the entire game.
 E = Experience gained in this place as a percentage of experience gained in the entire game.
 F = Experience gained in this place divided by the number of levels of this place that you have seen.
                   A       B       C       D       E      F
               +-------+-------+-------+-------+-------+----------------------
         Total | 100.0 | 100.0 |   N/A |   N/A | 100.0 |  11.7
       Dungeon | 100.0 | 100.0 |   N/A |   N/A | 100.0 |  11.7
               +-------+-------+-------+-------+-------+----------------------

Table legend: (Time is in decaauts)
 A = Elapsed time spent in this place.
 B = Non-inter-level travel time spent in this place.
 C = Inter-level travel time spent in this place.
 D = Time resting spent in this place.
 E = Time spent auto-exploring this place.
 F = Levels seen in this place.
 G = Mean time per level.
                   A        B        C        D        E       F      G
               +--------+--------+--------+--------+--------+-----+--------+
         Total |    783 |    738 |     45 |      5 |    651 |   3 |  261.0 |
       Dungeon |    783 |    738 |     45 |      5 |    651 |   3 |  261.0 |
               +--------+--------+--------+--------+--------+-----+--------+

Top non-repeatable levels by time:
     D:1: 725 daAuts
     D:2: 42 daAuts
     D:4: 14 daAuts
